 Dungeon Crawl Stone Soup version 0.29.1-1-gd02db6906a (webtiles) character file.

Game seed: 2535393334120459907

1 sleeves the Gusty (level 1, -1/14 HPs)
             Began as a Palentonga Air Elementalist on Sept 27, 2022.
             Slain by a quokka (4 damage)
             ... on level 1 of the Dungeon.
             The game lasted 00:00:14 (70 turns).

sleeves the Gusty (Palentonga Air Elementalist)       Turns: 70, Time: 00:00:15

Health: -1/14      AC:  4    Str: 13    XL:     1   Next: 16%
Magic:  0/3        EV:  9    Int: 15    God:
Gold:   32         SH:  0    Dex: 10    Spells: 3/4 levels left

rFire   . . .      SeeInvis +   (no weapon)
rCold   . . .      Faith    .   (no shield)
rNeg    . . .      Spirit   .   a - +0 robe
rPois   .          Reflect  .   (no helmet)
rElec   .          Harm     .   (no cloak)
rCorr   .          Rampage  .   (no gloves)
Will    .....                   (no barding)
Stlth   +.........              (no amulet)
HPRegen 0.04/turn               (no ring)
MPRegen 0.08/turn               (no ring)

@: no status effects
A: large, rugged brown scales 3, see invisible, deformed body, roll 1, armoured
tail
a: Rolling Charge


You were on level 1 of the Dungeon.
You visited 1 branch of the dungeon, and saw 1 of its levels.

You collected 32 gold pieces.

Inventory:

Armour
 a - a +0 robe (worn)
Potions
 b - a potion of magic


   Skills:
 + Level 0.4 Fighting
 - Level 1.5 Dodging
 - Level 1.2 Stealth
 - Level 2.0 Spellcasting
 - Level 0.8 Conjurations
 - Level 2.4 Air Magic


You had 3 spell levels left.
You knew the following spells:

 Your Spells              Type           Power      Damage    Failure   Level
a - Shock                 Conj/Air       24%        1d4       12%         1

Your spell library contained the following spells:

 Spells                   Type           Power      Damage    Failure   Level
 Static Discharge         Conj/Air       6%         3-4/arc   17%         2
 Swiftness                Air            8%         N/A       26%         3
 Airstrike                Air            4%         2d(1-17)  63%         4


Dungeon Overview and Level Annotations

Branches:
Dungeon (1/15)

Altars:


Innate Abilities, Weirdness & Mutations

You are completely covered in rugged brown scales. (AC +3, +7% HP)
You have supernaturally acute eyesight. (SInv)
Armour fits poorly on your strangely shaped body.
You can roll at nearby foes to attack.
You have a long armoured tail.


Message History

Welcome, sleeves the Palentonga Air Elementalist.
Below lies the Orb of Zot, rumoured to be powerful enough to resurrect a god...
Press ? for a list of commands and other information.
Found 32 gold pieces.
Found a staircase leading out of the dungeon.
You now have 9 gold pieces.
There is a staircase leading out of the dungeon here.
You now have 20 gold pieces (gained 11).
You now have 32 gold pieces (gained 12).
An endoplasm comes into view.
Found 2 fizzy cyan potions.
The endoplasm quivers.
An endoplasm is nearby!
An endoplasm is nearby!
The zap hits the endoplasm.
The endoplasm is moderately wounded.
The zap hits the endoplasm.
The endoplasm is heavily wounded.
The zap hits the endoplasm.
You kill the endoplasm!
Magic restored.
A quokka comes into view.
Found a Young Poisoner's Handbook.
A quokka is nearby!
A quokka is nearby!
The zap misses the quokka.
The zap misses the quokka.
The zap misses the quokka.
You hit the quokka but do no damage. The quokka bites you.
The quokka barely misses you.
You closely miss the quokka.
The quokka bites you but does no damage.
You hit the quokka.
The quokka is heavily wounded.
The quokka closely misses you.
You barely miss the quokka.
The quokka is heavily wounded.
The quokka bites you.
You closely miss the quokka.
The quokka is moderately wounded.
The quokka closely misses you.
You barely miss the quokka.
Your tail-slap misses the quokka.
The quokka is moderately wounded.
The quokka bites you.
* * * LOW HITPOINT WARNING * * *
The quokka bites you.
* * * LOW HITPOINT WARNING * * *
You are too injured to fight recklessly!
You are too injured to fight recklessly!
You closely miss the quokka.
The quokka is moderately wounded.
The quokka bites you.
* * * LOW HITPOINT WARNING * * *
You barely miss the quokka.
The quokka is moderately wounded.
The quokka closely misses you.
You hit the quokka but do no damage.
The quokka is moderately wounded.
The quokka closely misses you.
Casting: Shock (safe; 12% risk of failure)
Confirm with . or Enter, or press ? or * to list all spells.
Aiming: Shock (safe; 12% risk of failure)
Press: ? - help, Shift-Dir - straight line, f/p - quokka
Aim: a quokka (moderately wounded, 51% to hit)
The zap misses the quokka.
The quokka bites you but does no damage.
You closely miss the quokka.
The quokka is moderately wounded.
The quokka bites you.
You die...

.....######
.:..!....#
........#
....... ..#
..... #... ...
#..##
#r###....##.#
#@##..P.....
#.#...P....#
#.#..P♣P...##
#...PP......##
##..PP.PP....##
#.PP♣♣PP.....#.
#.P♣.PP...P....
#.P.P<......P..
#..PP.P.....♣PP


You could see a quokka.

Vanquished Creatures
  An endoplasm (D:1)
1 creature vanquished.

Notes
Turn   | Place    | Note
-------+----------+-------------------------------------------
     0 | D:1      | sleeves the Palentonga Air Elementalist began the quest for
                  | the Orb.
     0 | D:1      | Reached XP level 1. HP: 13/13 MP: 3/3
    65 | D:1      | HP: 6/14 [quokka (4)]
    70 | D:1      | Slain by a quokka

Illustrated notes

Levels and vault maps discovered:
D:1:      spicycebolla_arrival_clurvy, layout_basic,
          hellmonk_ecumenical_altar_leap_of_faith

Action                   || total
-------------------------++-------
Melee: Unarmed           ||    10
 Cast: Shock             ||     7
Armor: Robe              ||     2
Dodge: Dodged            ||     5
